 Dungeon Crawl Stone Soup version 0.13-a0-2910-g7a74111 (webtiles) character file.

692 PolkaDot the Ruinous (level 6, 0/39 HPs)
             Began as a Vampire Wizard on Sept 1, 2013.
             Slain by a scorpion (8 damage)
             ... on Level 5 of the Dungeon.
             The game lasted 00:27:19 (5205 turns).

PolkaDot the Ruinous (Vampire Wizard)               Turns: 5205, Time: 00:27:19

HP   0/39        AC  4     Str 11      XL: 6   Next: 81%
MP  13/16        EV 12     Int 22      God:
Gold 226         SH  0     Dex 12      Spells:  4 memorised,  3 levels left

Res.Fire  : . . .   See Invis. : +   r - +1,+0 dwarf short sword
Res.Cold  : + . .   Warding    : .   a - +0 robe
Life Prot.: + + .   Conserve   : .   (no shield)
Res.Poison: +       Res.Corr.  : .   b - +0 wizard hat
Res.Elec. : .       Clarity    : .   d - +0 cloak
Sust.Abil.: . .     Spirit.Shd : .   u - +0 pair of gauntlets
Res.Mut.  : .       Stasis     : .   (no boots)
Res.Rott. : +       Flight     : .   (no amulet)
Saprovore : . . .                    (no ring)
                                     (no ring)

@: regenerating slowly, mighty, very slightly contaminated, slightly resistant
to hostile enchantments, stealthy
A: bottle blood, fangs 3, see invisible, unbreathing
a: Bat Form, Bottle Blood


You were on level 5 of the Dungeon.
You were very thirsty.

You visited 1 branch of the dungeon, and saw 5 of its levels.

You collected 206 gold pieces.

Inventory:

Hand weapons
 r - a +1,+0 dwarven short sword (weapon)
Armour
 a - a +0 robe (worn)
 b - a +0 wizard hat (worn)
 d - a +0 cloak (worn)
 u - a +0 pair of gauntlets (worn)
Magical devices
 h - a wand of random effects (14)
 n - a wand of enslavement (14)
 s - a wand of lightning (12) {unknown}
Scrolls
 f - 4 scrolls of identify
 i - a scroll of fog
 j - a scroll of teleportation
 w - a scroll of fear
Jewellery
 e - an uncursed ring of teleportation
Potions
 k - a potion of agility
 o - a potion of speed
 p - 2 potions of brilliance
 x - a potion of might
Books
 c - a book of Minor Magic

   Spells                             Type                      Level
   *Magic Dart                        Conjuration                  1
   *Blink                             Translocation                2
   Call Imp                           Summoning                    2
   Repel Missiles                     Charms/Air                   2
   Slow                               Hexes                        2
   *Conjure Flame                     Conjuration/Fire             3
   Mephitic Cloud                     Conjuration/Poison/Air       3
 g - Heheetho's Guide on Combat Magic and the Volcanoes
   (You found it on level 4 of the Dungeon)

   Spells                             Type                      Level
   *Throw Flame                       Conjuration/Fire             2
   Mephitic Cloud                     Conjuration/Poison/Air       3
   Fireball                           Conjuration/Fire             5
   Bolt of Fire                       Conjuration/Fire             6


   Skills:
 - Level 2.1 Dodging
 - Level 3.4 Stealth
 + Level 3.3 Spellcasting
 * Level 4.3 Conjurations
   Level 1.0 Summonings
 - Level 0.7 Translocations
 - Level 3.3 Evocations


You had 3 spell levels left.
You knew the following spells:

 Your Spells              Type           Power        Failure   Level  Hunger
a - Throw Flame           Conj/Fire      ##....       10%         2    ##.....
s - Conjure Flame         Conj/Fire      ##......     14%         3    ###....
z - Magic Dart            Conj           ###.         1%          1    None
A - Blink                 Tloc           N/A          14%         2    ##.....


Dungeon Overview and Level Annotations

Branches:
Dungeon (5/27)
 Temple: D:4-7

Altars:
Fedhas
Kikubaaqudgha


Innate Abilities, Weirdness & Mutations

You heal slowly.
You can bottle blood from corpses.
You have razor-sharp teeth.*
You have supernaturally acute eyesight.
You can survive without breathing.*


Message History

The scorpion barely misses you.
Drink which item? (? for menu, Esc to quit)
Okay, then.
Drink which item? (? for menu, Esc to quit)
Magic courses through your body. The scorpion misses you.
Casting: Magic Dart
Confirm with . or Enter, or press ? or * to list all spells.
Aiming: Throw Flame
Press: ? - help, Shift-Dir - straight line, f/p - scorpion
Aim: a scorpion (moderately wounded)
The puff of flame hits the scorpion.
The scorpion appears unharmed.
The scorpion is moderately wounded.
The scorpion completely misses you.
Casting: Throw Flame
Confirm with . or Enter, or press ? or * to list all spells.
Aiming: Throw Flame
Press: ? - help, Shift-Dir - straight line, f/p - scorpion
Aim: a scorpion (moderately wounded)
The puff of flame misses the scorpion.
The scorpion stings you!
You die...

.# #..#
...>
###..#...#
#@s......#
####.....#
... #


You could see a scorpion.

Vanquished Creatures
  An orc priest (D:4)
  Crazy Yiuf (D:2)
  2 iguanas (D:4)
  A scorpion (D:4)
  A giant frog skeleton (D:4)
  A worker ant (D:4)
  2 orc wizards (D:4)
  Jessica (D:2)
  An ogre skeleton (D:4)
  8 adders
  An inept feature mimic (D:3)
  3 worms
  6 giant geckos
  An ooze (D:3)
  8 orcs
  6 bats
  5 giant cockroaches
  8 goblins
  5 hobgoblins
  5 jackals
  2 quokkas (D:3)
  A giant gecko skeleton (D:4)
  5 giant newts
  9 kobolds
  An orc skeleton (D:4)
  9 rats
  A fungus (D:2)
95 creatures vanquished.

Notes
Turn   | Place    | Note
--------------------------------------------------------------
     0 | D:1      | PolkaDot, the Vampire Wizard, began the quest for the Orb.
     0 | D:1      | Reached XP level 1. HP: 11/11 MP: 6/6
    68 | D:1      | Reached skill level 1 in Conjurations
   373 | D:1      | Reached XP level 2. HP: 17/17 MP: 8/8
   760 | D:2      | Noticed Jessica
   774 | D:2      | Learned a level 2 spell: Blink
   779 | D:2      | Killed Jessica
   779 | D:2      | Reached skill level 1 in Evocations
   779 | D:2      | Reached XP level 3. HP: 22/22 MP: 5/10
  1143 | D:2      | Learned a level 3 spell: Conjure Flame
  1171 | D:2      | Noticed Crazy Yiuf
  1212 | D:2      | Killed Crazy Yiuf
  1212 | D:2      | Reached XP level 4. HP: 28/28 MP: 1/12
  2578 | D:3      | Reached XP level 5. HP: 33/33 MP: 4/13
  2869 | D:3      | Found a blossoming altar of Fedhas.
  2869 | D:3      | Found an ancient bone altar of Kikubaaqudgha.
  3677 | D:4      | Identified Heheetho's Guide on Combat Magic and the Volcanoes
  3681 | D:4      | Learned a level 2 spell: Throw Flame
  3795 | D:4      | Reached XP level 6. HP: 36/39 MP: 2/15
  4384 | D:4      | Reached skill level 4 in Conjurations
  5184 | D:5      | Entered Level 5 of the Dungeon
  5205 | D:5      | Slain by a scorpion

Action                   |  1- 3 |  4- 6 || total
-------------------------+-------+-------++-------
Melee: Short sword       |    17 |    41 ||    58
 Cast: Magic Dart        |    54 |   131 ||   185
       Conjure Flame     |     2 |    18 ||    20
       Throw Flame       |       |    56 ||    56
Evoke: Wand              |       |     2 ||     2
  Use: Potion            |     6 |     2 ||     8
       Scroll            |       |    11 ||    11
